 Dungeon Crawl Stone Soup version 0.30-a0-760-g5a9884bb7c (webtiles) character file.

Game seed: 9458018794752464687

3327 Crownlay the Scribe (level 10, 0/73 HPs)
             Began as a Hill Orc Fire Elementalist on Feb 11, 2023.
             Was a Priest of Sif Muna.
             Slain by a howler monkey (6 damage)
             ... on level 9 of the Dungeon.
             The game lasted 00:18:54 (8263 turns).

Crownlay the Scribe (Hill Orc Fire Elementalist)    Turns: 8263, Time: 00:18:55

Health: 0/73       AC:  3    Str: 12    XL:     10   Next: 2%
Magic:  4/27       EV: 12    Int: 19    God:    Sif Muna [***...]
Gold:   430        SH:  0    Dex: 11    Spells: 6/12 levels left

rFire   + + +      SeeInvis .    z - staff of fire
rCold   . . .      Faith    .    (no shield)
rNeg    + . .      Spirit   .    a - +0 robe
rPois   +          Reflect  .    D - -2 hat of the Alchemist {rElec rPois rF+ rC+ rN+ Will+ rMut rCorr}
rElec   +          Harm     .    (no cloak)
rCorr   +          Rampage  .    (no gloves)
rMut    +                        C - +2 pair of boots
Will    ++...                    (no amulet)
Stlth   +++                      f - ring of fire
HPRegen 0.32/turn                q - ring "Anumiar" {Will+ MP+9 Stlth+}
MPRegen 0.20/turn

@: about to teleport
A: no striking features
a: Renounce Religion, Channel Magic, Forget Spell


You were on level 9 of the Dungeon.
You worshipped Sif Muna.
Sif Muna was most pleased with you.
You visited 1 branch of the dungeon, and saw 9 of its levels.

You collected 430 gold pieces.

Inventory:

Hand Weapons
 e - a +2 whip of electrocution
Missiles
 n - 2 throwing nets
Armour
 a - a +0 robe (worn)
 C - a +2 pair of boots (worn)
 D - the -2 hat of the Alchemist (worn) {rElec rPois rF+ rC+ rN+ Will+ rMut rCorr}
   (You found it on level 6 of the Dungeon)

   rF:        It protects you from fire.
   rC:        It protects you from cold.
   rElec:     It insulates you from electricity.
   rPois:     It protects you from poison.
   rN:        It protects you from negative energy.
   rCorr:     It protects you from acid and corrosion.
   rMut:      It protects you from mutation.
   Will:      It increases your willpower.
Magical Staves
 z - a staff of fire (weapon)
Jewellery
 f - a ring of fire (left hand)
 q - the ring "Anumiar" (right hand) {Will+ MP+9 Stlth+}
   (You took it off a goblin on level 3 of the Dungeon)

   [ring of magical power]

   MP:        It affects your magic capacity (+9).
   Will:      It increases your willpower.
   Stlth:     It makes you more stealthy.
 s - a ring of resist corrosion
 B - a +6 ring of dexterity
Wands
 y - a wand of mindburst (19)
 F - a wand of flame (20)
 H - a wand of roots (6)
 J - a wand of charming (8)
Scrolls
 g - 2 scrolls of amnesia
 k - a scroll of fear {unknown}
 l - 2 scrolls of magic mapping
 m - 2 scrolls of teleportation
 p - 3 scrolls of vulnerability
 t - a scroll of immolation {unknown}
 A - a scroll of blinking {unknown}
 E - a scroll of fog {unknown}
 G - a scroll of poison {unknown}
 I - a scroll of enchant armour
 K - a scroll of enchant weapon {unknown}
Potions
 b - a potion of magic
 c - 7 potions of curing
 d - 2 potions of mutation
 h - a potion of heal wounds {unknown}
 i - a potion of brilliance {unknown}
 j - a potion of invisibility {unknown}
 o - a potion of haste {unknown}
 r - 2 potions of might {unknown}
 u - a potion of lignification {unknown}
 v - a potion of attraction {unknown}
 w - a potion of berserk rage {unknown}
 x - 2 potions of flight {unknown}


   Skills:
 + Level 2.2 Fighting
 - Level 1.5 Dodging
 - Level 1.5 Stealth
 - Level 1.5 Spellcasting
 + Level 5.6 Conjurations
 + Level 3.6 Hexes
 + Level 1.9 Summonings
 * Level 8.6 Fire Magic
 + Level 11.6 Invocations


You had 6 spell levels left.
You knew the following spells:

 Your Spells              Type           Power      Damage    Failure   Level
a - Foxfire               Conj/Fire      100%       2x1d9     1%          1
b - Scorch                Fire           100%       2d10      1%          2
c - Inner Flame           Hex/Fire       54%        N/A       4%          3

Your spell library contained the following spells:

 Spells                   Type           Power      Damage    Failure   Level
 Magic Dart               Conj           88%        1d7       1%          1
 Summon Small Mammal      Summ           32%        N/A       9%          1
 Flame Wave               Conj/Fire      59%        2d14      10%         4
 Call Imp                 Summ           8%         N/A       12%         2
 Kindle Blastsparks       Fire/Tloc/Air  54%        2d14      16%         3
 Hailstorm                Conj/Ice       12%        3d5       17%         3
 Summon Guardian Golem    Hex/Summ       12%        N/A       17%         3
 Call Canine Familiar     Summ           8%         N/A       24%         3
 Mephitic Cloud           Conj/Pois/Air  8%         N/A       24%         3
 Ice Form                 Ice/Tmut       1%         N/A       87%         4
 Simulacrum               Ice/Necr       0%         N/A       100%        6


Dungeon Overview and Level Annotations

Branches:
Dungeon (9/15)             Temple (0/1) D:6            Lair (0/5) D:8
    Orc: D:9-12

Altars:
Ashenzari
Cheibriados
Dithmenos
Hepliaklqana
Kikubaaqudgha
Makhleb
Okawaru
Qazlal
Sif Muna
Uskayaw
Wu Jian

Shops:
D:1 (

Annotations:
D:8 exclusion: death yak


Message History

The howler monkey hoots and howls with incredible vigour!
You hear a shout!
You feel a strong surge of power!
You conjure some foxfire!
The foxfire hits the gnoll.
The gnoll is moderately wounded.
The foxfire hits the wyvern but does no damage.
The gnoll closely misses you. x2; The wyvern closely misses you.
You feel a strong surge of power!
You conjure some foxfire!
The gnoll is no longer moving quickly.
The foxfire hits the gnoll.
The gnoll is severely wounded.
The foxfire hits the gnoll!
You kill the gnoll!
Sif Muna accepts your kill. The gnoll misses you. The wyvern bites you!
You are too injured to fight recklessly!
You are too injured to fight recklessly!
You closely miss the howler monkey.
The foxfire hits the gnoll.
Flame seeps out of the gnoll.
The gnoll is heavily wounded.
The foxfire hits the wyvern.
The wyvern is lightly wounded.
The wyvern barely misses you.
The gnoll is engulfed in blazing flames.
Flame seeps out of the gnoll.
The gnoll closely misses you. The howler monkey hits you. The wyvern bites you!
* * * LOW HITPOINT WARNING * * *
A wight comes into view.
It is wielding a +1 war axe of freezing.
Okay, then.
Okay, then.
Okay, then.
As you read the scroll of teleportation, it crumbles to dust.
You feel strangely unstable. The howler monkey hits you.
* * * LOW HITPOINT WARNING * * *
The gnoll is engulfed in blazing flames.
Sif Muna accepts your kill.
The gnoll explodes!
The wyvern misses you.
A wight comes into view. It is wielding a +0 battleaxe.
The howler monkey hits you.
You die...

....... ..!..
........####.....
..........#......
..........#......
........§...)....
......§°§..).....
....☼○§§h.)..)..
#☼☼..@)# #☼°§l###
#....# ###....
..##... ...#
..#.. z...# .# .
.z.... . .#..# #.


You could see a wyvern, a howler monkey and 2 wights.

Vanquished Creatures
  Sigmund (D:3)
  Menkaure (D:5)
  2 water moccasins
  2 ice beasts
  3 orc warriors
  2 sky beasts
  2 ogres (D:5)
  A centaur (D:7)
  A kobold brigand (D:9)
  Blork the orc (D:5)
  2 bullfrogs
  6 scorpions
  A necrophage (D:8)
  6 killer bees (D:8)
  5 orc priests
  3 gnoll boudas
  3 hounds
  2 jellies (D:6)
  4 iguanas
  7 orc wizards
  11 gnolls
  11 adders
  4 white imps
  An ufetubus (D:6)
  2 worms
  A dart slug (D:4)
  32 orcs
  8 ball pythons
  A bat zombie (D:4)
  8 endoplasms
  9 giant cockroaches (D:3)
  7 goblins
  6 hobgoblins
  3 jackals (D:1)
  9 kobolds
  2 quokkas
  12 bats
  4 frilled lizards
  9 rats
  A rat zombie (D:4)
196 creatures vanquished.

Vanquished Creatures (others)
  707 foxfires
707 creatures vanquished.

Grand Total: 903 creatures vanquished

Notes
Turn   | Place    | Note
-------+----------+-------------------------------------------
     0 | D:1      | Crownlay the Hill Orc Fire Elementalist began the quest for
                  | the Orb.
     0 | D:1      | Reached XP level 1. HP: 14/14 MP: 3/3
   318 | D:1      | Found Sitet's Antique Weapon Emporium.
   475 | D:1      | Reached XP level 2. HP: 20/20 MP: 0/4
   883 | D:1      | Learned a level 2 spell: Scorch
  1198 | D:2      | Reached XP level 3. HP: 26/26 MP: 0/5
  1469 | D:2      | Reached XP level 4. HP: 33/33 MP: 1/6
  1917 | D:3      | Found a shimmering blue altar of Sif Muna.
  1917 | D:3      | Found an iron altar of Okawaru.
  1918 | D:3      | Found a burning altar of Makhleb.
  1982 | D:3      | Became a worshipper of Sif Muna the Loreminder
  2207 | D:3      | Reached skill level 5 in Fire Magic
  2231 | D:3      | Reached skill level 1 in Invocations
  2339 | D:3      | Identified the ring "Anumiar" {Will+ MP+9 Stlth+}
  2564 | D:3      | Reached * piety under Sif Muna
  2887 | D:3      | Reached XP level 5. HP: 38/38 MP: 7/7
  3005 | D:3      | Found a stormy altar of Qazlal.
  3029 | D:3      | Noticed Sigmund
  3034 | D:3      | Killed Sigmund
  3035 | D:3      | Reached skill level 2 in Invocations
  3035 | D:3      | Reached XP level 6. HP: 45/45 MP: 8/8
  3258 | D:4      | Reached skill level 3 in Invocations
  3530 | D:4      | Reached skill level 4 in Invocations
  3667 | D:4      | Found an ancient bone altar of Kikubaaqudgha.
  3942 | D:4      | Reached XP level 7. HP: 50/50 MP: 10/10
  4076 | D:4      | Reached skill level 5 in Invocations
  4230 | D:4      | Learned a level 3 spell: Inner Flame
  4252 | D:5      | Entered Level 5 of the Dungeon
  4369 | D:5      | Reached ** piety under Sif Muna
  4375 | D:5      | Reached skill level 6 in Invocations
  4545 | D:5      | Reached skill level 7 in Invocations
  5060 | D:5      | Noticed Menkaure
  5074 | D:5      | Killed Menkaure
  5075 | D:5      | Reached skill level 8 in Invocations
  5075 | D:5      | Reached XP level 8. HP: 30/57 MP: 14/14
  5263 | D:5      | Reached skill level 9 in Invocations
  5420 | D:5      | Noticed Blork the orc
  5425 | D:5      | Killed Blork the orc
  5444 | D:5      | Noticed a wyvern
  5473 | D:5      | Noticed a yak
  5542 | D:5      | Reached skill level 10 in Invocations
  5718 | D:6      | Found the -2 hat of the Alchemist {rElec rPois rF+ rC+ rN+
                  | Will+ rMut rCorr}
  5876 | D:6      | Reached skill level 1 in Hexes
  6075 | D:6      | Found a staircase to the Ecumenical Temple.
  6148 | D:6      | Reached XP level 9. HP: 61/62 MP: 17/17
  6174 | D:6      | Reached *** piety under Sif Muna
  6466 | D:6      | Reached skill level 11 in Invocations
  6718 | D:7      | Found an ornate altar of the Wu Jian Council.
  6746 | D:7      | Found a hide-covered altar of Uskayaw.
  6890 | D:7      | Reached skill level 5 in Conjurations
  7080 | D:7      | Found a shadowy altar of Dithmenos.
  7409 | D:7      | Found a snail-covered altar of Cheibriados.
  7662 | D:8      | Noticed a death yak
  7817 | D:8      | Reached skill level 1 in Fighting
  7817 | D:8      | Reached skill level 1 in Summonings
  7950 | D:8      | Noticed a death yak
  7950 | D:8      | Noticed a death yak
  7950 | D:8      | Noticed a death yak
  7950 | D:8      | Noticed a death yak
  7950 | D:8      | Noticed a death yak
  7950 | D:8      | Noticed a death yak
  7950 | D:8      | Noticed a death yak
  7951 | D:8      | Found a staircase to the Lair.
  8077 | D:8      | Found a hazy altar of Hepliaklqana.
  8154 | D:8      | Found a broken altar of Ashenzari.
  8231 | D:9      | Reached XP level 10. HP: 73/73 MP: 15/18
  8263 | D:9      | Slain by a howler monkey

Illustrated notes

Levels and vault maps discovered:
D:1:      minmay_arrival_cross, layout_basic, serial_shops, shop_fountains,
          serial_aquarium, aquarium_bridge_square [aquarium_subvault_bridge,
          aquarium_subvault_wall, aquarium_subvault_balcony,
          aquarium_subvault_wall], aquarium_bridge_square
          [aquarium_subvault_bridge, aquarium_subvault_wall,
          aquarium_subvault_wall, aquarium_subvault_bridge], aquarium_window_1,
          aquarium_window_corridor_3, aquarium_view_2a, aquarium_view_2c,
          aquarium_pool_1, moated_statue, minmay_door_square
D:2:      layout_rooms, grunt_ministairs_10, minmay_pentomino_v4
D:3:      minmay_roachtagon, layout_basic, mainiacjoe_overflow_alcove_1,
          grunt_temple_overflow_open, st_stairs_1, uniq_sigmund
D:4:      layout_loops_cross, lemuel_zombie_altar_kikubaaqudgha
D:5:      kennysheep_windowed_halls, layout_basic, uniq_menkaure,
          uniq_blork_the_orc
D:6:      layout_gridville, minmay_temple_entry_poolview,
          kennysheep_small_circle
D:7:      kennysheep_six_static_rooms, layout_basic, nzn_wu_jian_council_hall,
          nicolae_dithmenos_through_a_glass_darkly,
          mainiacjoe_overflow_brackets, mainiacjoe_overflow_six_doors_small
D:8:      layout_loops_ring, nemelex_spade_bored_becter,
          mainiacjoe_overflow_small_starburst, ashenzari_altar_1,
          dpeg_lair_monsters
D:9:      layout_cave_pools

Skill      XL: |  1  2  3  4  5  6  7  8  9 |
---------------+----------------------------+-----
Fire Magic     | 4 5 6 8 |  8.6
Conjurations   | 2 3 4 5 |  5.6
Invocations    | 1 2 4 8 10 11 | 11.6
Hexes          | 1 3 |  3.6
Fighting       | 2 |  2.2
Summonings     | 1 |  1.9
Dodging        | |  1.5
Stealth        | |  1.5
Spellcasting   | |  1.5

Action                     |  1- 3 |  4- 6 |  7- 9 | 10-12 || total
---------------------------+-------+-------+-------+-------++-------
  Melee: Quarterstaff      |     1 |       |       |       ||     1
         Short sword       |       |    40 |       |       ||    40
         Whip              |       |    11 |    10 |       ||    21
         Staff             |       |       |     5 |     1 ||     6
   Cast: Foxfire           |    61 |   109 |   235 |    12 ||   417
         Scorch            |       |     3 |    33 |       ||    36
         Inner Flame       |       |       |     1 |     2 ||     3
 Invoke: Channel Magic     |       |       |     1 |       ||     1
    Use: Scroll            |       |     5 |     5 |     1 ||    11
 Armour: Robe              |       |    23 |    14 |       ||    37
  Dodge: Dodged            |     4 |    47 |    43 |    12 ||   106

Table legend: (Time is in decaauts)
 A = Elapsed time spent in this place.
 B = Non-inter-level travel time spent in this place.
 C = Inter-level travel time spent in this place.
 D = Time resting spent in this place.
 E = Time spent auto-exploring this place.
 F = Levels seen in this place.
 G = Mean time per level.
                   A        B        C        D        E       F      G
               +--------+--------+--------+--------+--------+-----+--------+
         Total |   8247 |   8112 |    135 |    213 |   6261 |   9 |  916.3 |
       Dungeon |   8247 |   8112 |    135 |    213 |   6261 |   9 |  916.3 |
               +--------+--------+--------+--------+--------+-----+--------+

Top non-repeatable levels by time:
     D:5: 1436 daAuts
     D:3: 1286 daAuts
     D:1: 1192 daAuts
     D:4: 1069 daAuts
     D:7: 1007 daAuts
     D:6: 982 daAuts
     D:2: 687 daAuts
     D:8: 536 daAuts
     D:9: 48 daAuts
